 Dungeon Crawl Stone Soup version 0.10.4 character file.

296 Scypier the Skirmisher (level 4, -2/40 HPs)
             Began as a Hill Orc Fighter on Apr 11, 2024.
             Was an Initiate of Okawaru.
             Slain by GenialerGandalf's ghost (5 damage)
             ... on Level 4 of the Dungeon.
             The game lasted 00:08:24 (2681 turns).

Scypier the Skirmisher (Hill Orc Fighter)           Turns: 2681, Time: 00:08:24

HP  -2/40        AC 10     Str 19      XL: 4   Next: 87%
MP   3/3         EV  6     Int  8      God: Okawaru [......]
Gold 205         SH 19     Dex 10      Spells:  0 memorised,  3 levels left

Res.Fire  : . . .   See Invis. : .   a - +0,+1 orc hand axe {=f}
Res.Cold  : . . .   Warding    : . . b - +0 orc scale mail
Life Prot.: . . .   Conserve   : .   c - +0 orc shield
Res.Acid. : . . .   Res.Corr.  : .   (no helmet)
Res.Poison: +       Clarity    : .   x - +2 dwarf cloak {rPois}
Res.Elec. : .       Spirit.Shd : .   (no gloves)
Sust.Abil.: . .     Stasis     : .   (no boots)
Res.Mut.  : .       Ctrl.Telep.: .   (no amulet)
Res.Rott. : .       Levitation : .   (no ring)
Saprovore : + . .   Ctrl.Flight: .   (no ring)

@: slightly resistant to hostile enchantments, extremely unstealthy
A: saprovore 1
a: Renounce Religion


You were on level 4 of the Dungeon.
You worshipped Okawaru.
Okawaru was pleased with you.
You were not hungry.

You visited 1 branch of the dungeon, and saw 4 of its levels.

You collected 185 gold pieces.

Inventory:

Hand weapons
 a - a +0,+1 orcish hand axe (weapon) {=f}
Armour
 b - a +0 orcish scale mail (worn)
 c - a +0 orcish shield (worn)
 x - a +2 dwarven cloak of poison resistance (worn)
Magical devices
 m - a wand of fireball (12) {unknown}
Comestibles
 d - a meat ration
 f - a choko
 t - an apple
 w - a bread ration
Scrolls
 e - a scroll of blinking
 h - a scroll of teleportation {unknown}
 i - a scroll of enchant weapon II
 k - a scroll of remove curse {unknown}
 n - 2 scrolls of amnesia {unknown}
 p - a scroll of enchant armour {unknown}
 q - a scroll of recharging {unknown}
 r - a scroll of magic mapping {unknown}
 u - a scroll of curse weapon {unknown}
Potions
 g - 2 potions of magic
 j - a potion of brilliance
 l - a potion of curing
 s - a potion of heal wounds
 v - a potion of degeneration
 z - a potion of gain dexterity {unknown}


   Skills:
 + Level 4.5 Fighting
 * Level 4.2 Axes
 + Level 3.8 Armour
 + Level 4.0 Shields


You had 3 spell levels left.
You didn't know any spells.

Dungeon Overview and Level Annotations

Branches:
Dungeon (4/27)             Temple (0/1) D:4

Altars:
Ashenzari
Okawaru
The Shining One
Trog

Annotations
D:4 GenialerGandalf's ghost, average HOFi


Innate Abilities, Weirdness & Mutations

You can tolerate rotten meat.


Message History

You completely miss GenialerGandalf's ghost.
GenialerGandalf's ghost is moderately damaged.
You block GenialerGandalf's ghost's attack.
Your shield and scale mail prevent you from hitting GenialerGandalf's ghost.
GenialerGandalf's ghost is moderately damaged.
GenialerGandalf's ghost hits you.
* * * LOW HITPOINT WARNING * * *
GenialerGandalf's ghost hits you but does no damage.
Your shield and scale mail prevent you from hitting GenialerGandalf's ghost.
GenialerGandalf's ghost is moderately damaged.
GenialerGandalf's ghost says, "You will join me soon!"
You block GenialerGandalf's ghost's attack.
You hit GenialerGandalf's ghost but do no damage.
GenialerGandalf's ghost is moderately damaged.
GenialerGandalf's ghost hits you!
* * * LOW HITPOINT WARNING * * *
Your shield and scale mail prevent you from hitting GenialerGandalf's ghost.
GenialerGandalf's ghost is moderately damaged.
GenialerGandalf's ghost hits you.
You die...

##.....##.....#...# #.##.#
###.#.###.....#...# #.##.# #
#.#.# #.#+#.#...#########.##.## #
#.#.# #.#.#.................... #
#.#.###.#.####.##########.##.## #
#.#.#.............b...#........ #
#.#.#.#.#.####.######.#.#.##.#. #
#%#.#.#.#.# #p#....#.#.#..#.#. #
#.#.#.#.#.# #@#.##.#.#.#..#.#.
###%#.#.#.#.####.#.##.#.#.#.##.#.
......#.#..........##.#.#....#.#.
###.#.#.###<####.####.#.#####..#.
#.#.#..........# #.#........#.
#.#.############ #.#######.###
#.#.# #.# #.# # #.### #.# #.# #
#.# #.# #.# #


You could see GenialerGandalf's ghost.

Vanquished Creatures
  A scorpion (D:4)
  A worm (D:4)
  2 giant geckos
  5 oozes
  4 bats
  7 giant cockroaches
  5 goblins
  3 hobgoblins (D:1)
  3 jackals (D:2)
  2 ball pythons
  3 giant newts
  7 kobolds
  5 rats
48 creatures vanquished.

Notes
Turn   | Place    | Note
--------------------------------------------------------------
     0 | D:1      | Scypier, the Hill Orc Fighter, began the quest for the Orb.
     0 | D:1      | Reached XP level 1. HP: 19/19 MP: 0/0
   169 | D:1      | Reached XP level 2. HP: 26/26 MP: 1/1
   254 | D:1      | Found a shattered altar of Ashenzari.
   310 | D:1      | Reached skill level 4 in Fighting
   782 | D:2      | Reached XP level 3. HP: 31/33 MP: 2/2
   977 | D:2      | Found an iron altar of Okawaru.
  1007 | D:2      | Became a worshipper of Warmaster Okawaru
  1030 | D:2      | Found a glowing golden altar of the Shining One.
  1244 | D:2      | Found a bloodstained altar of Trog.
  2105 | D:3      | Reached XP level 4. HP: 37/40 MP: 3/3
  2647 | D:4      | Found a staircase to the Ecumenical Temple.
  2652 | D:4      | Noticed GenialerGandalf's ghost (average HOFi)
  2680 | D:4      | HP: 2/40 [GenialerGandalf's ghost (9)]
  2681 | D:4      | Slain by GenialerGandalf's ghost
